 Dungeon Crawl Stone Soup version 0.18.1-8-gdd0e5ea (webtiles) character file.

1946 Marenglen the Basher (level 8, 0/68 HPs)
             Began as a Troll Arcane Marksman on May 23, 2016.
             Was a Follower of Ru.
             Slain by a troll (1 damage)
             ... on level 7 of the Dungeon.
             The game lasted 00:22:16 (7415 turns).

Marenglen the Basher (Troll Arcane Marksman)        Turns: 7415, Time: 00:22:17

Health: 0/68       AC:  3    Str: 25    XL:     8   Next: 98%
Magic:  8/8        EV: 14    Int:  9    God:    Ru [*.....]
Gold:   225        SH:  0    Dex: 11    Spells: 2 memorised, 6 levels left

rFire  . . .     SeeInvis .     a - +2 mace (holy)
rCold  . . .     Gourm    +     (armour restricted)
rNeg   . . .     Faith    .     (no shield)
rPois  .         Spirit   .     (helmet restricted)
rElec  .         Dismiss  .     (no cloak)
rCorr  .         Reflect  .     (gloves unavailable)
SustAt .         Harm     .     (boots unavailable)
MR     .....                    (no amulet)
Stlth  +.........               y - +5 ring of strength
                                e - +2 ring of evasion

@: not resistant to hostile enchantments, very unstealthy
A: unfitting armour, claws 3, fast metabolism 3, gourmand, regeneration 2,
shaggy fur 1, tough skin 2, inexperienced 1
a: Renounce Religion


You were on level 7 of the Dungeon.
You worshipped Ru.
Ru was aware of your devotion.
You were very full.

You visited 2 branches of the dungeon, and saw 9 of its levels.
You also visited: Sewer.

You collected 277 gold pieces.
You spent 52 gold pieces at shops.

Inventory:

Hand Weapons
 a - a +2 mace of holy wrath (weapon)
 b - a +0 blowgun
 p - a +0 flail
Missiles
 c - 2 large rocks (quivered)
 r - 19 poisoned needles
Jewellery
 e - a +2 ring of evasion (left claw)
 y - a +5 ring of strength (right claw)
 B - an uncursed ring of resist corrosion
Wands
 v - a wand of hasting (4/9)
 z - a wand of polymorph (14/24)
Scrolls
 h - a scroll of magic mapping {unknown}
 l - a scroll of immolation
 t - a scroll of blinking
 x - 3 scrolls of teleportation
Potions
 d - a potion of resistance
 i - 2 potions of brilliance
 j - 3 potions of curing
 k - 4 potions of heal wounds
 m - 2 potions of magic
 n - a potion of cure mutation
 w - a potion of lignification {unknown}
 A - 2 potions of cancellation
 C - a potion of haste
Books
 o - a book of Debilitation

   Spells                             Type                      Level
   a - Corona                         Hexes                        1
   b - Slow                           Hexes                        2
   c - Gell's Gravitas                Hexes/Translocation          3
   d - Inner Flame                    Hexes/Fire                   3
   e - Cause Fear                     Hexes                        4
   f - Leda's Liquefaction            Hexes/Earth                  4
 q - a book of the Tempests

   Spells                             Type                      Level
   a - Static Discharge               Conjuration/Air              3
   b - Lightning Bolt                 Conjuration/Air              5
   c - Fireball                       Conjuration/Fire             5
   d - Tornado                        Air                          9
   e - Shatter                        Earth                        9
 u - a book of Necromancy

   Spells                             Type                      Level
   a - Pain                           Necromancy                   1
   b - Animate Skeleton               Necromancy                   1
   c - Vampiric Draining              Necromancy                   3
   d - Regeneration                   Charms/Necromancy            3
   e - Animate Dead                   Necromancy                   4
   f - Control Undead                 Necromancy                   4
Comestibles
 f - 8 bread rations
 g - 5 meat rations
 s - 5 fruits
 D - a beef jerky


   Skills:
 - Level 0.7 Fighting
 + Level 8.4 Maces & Flails
 - Level 6.3 Throwing
 + Level 5.5 Dodging
 - Level 1.0 Spellcasting
 - Level 3.5 Hexes


You had 6 spell levels left.
You knew the following spells:

 Your Spells              Type           Power        Failure   Level  Hunger
a - Corona                Hex            #......      12%         1    ##.....
b - Slow                  Hex            #.......     14%         2    ###....


Dungeon Overview and Level Annotations

Branches:
Dungeon (8/15)             Temple (1/1) D:5            Lair (0/8) D:8

Altars:
Ashenzari
Cheibriados
Dithmenos
Elyvilon
Fedhas
Gozag
Makhleb
Nemelex Xobeh
Okawaru
Pakellas
Qazlal
Ru
Trog
Vehumet
Xom
Yredelemnul
Zin
The Shining One

Shops:
D:5 !

Annotations:
D:7 exclusion: downstairs
D:8 Erica


Innate Abilities, Weirdness & Mutations

You are too large for most types of armour.
You have claws for hands.
Your metabolism is lightning-fast.
You like to eat raw meat.
You heal very quickly.
You are covered in fur (AC +1).
You have very tough skin (AC +2).
You are somewhat inexperienced (-2 XL).


Message History

The orc shouts!
You hear a shout!
An orc wizard comes into view. It is wielding a vampiric dagger.
The orc wizard gestures at you while chanting.
You are confused.
You bump into the rock wall.
The troll bites you. The troll claws you. The troll misses you.
You bump into the rock wall.
The troll misses you. The troll claws you but does no damage.
The troll closely misses you. The orc warrior hits you with a flail!
Drink which item? (? for menu, Esc to quit)
You feel better.
The orc wizard mumbles some strange words.
The orc wizard flickers and vanishes!
Deactivating autopickup; reactivate with Ctrl-A.
The troll bites you!!
* * * LOW HITPOINT WARNING * * *
The troll claws you!
* * * LOW HITPOINT WARNING * * *
The troll claws you.
You die...

########## #........#
#.######.# #.# #.#
########### #.#
####.###......[..# #.#
#.>.T@.#.#######.# #.#
#.##o#.#.#.### #.# #.#
#.##{#.......# #.#
#.###o##o###.....###.#####
#........# #..............
#.######## #.#.#####.####.
#.# #.........# #. #.#
###.####### #. #.# ##'##
###.


You could see a troll, an orc warrior and an orc.

Vanquished Creatures
  Pikel (D:5)
  The ghost of Hipnos the Digger, an amateur GrEE (D:4)
  A hungry ghost (D:8)
  Menkaure (D:4)
  An ice beast (D:7)
  A necrophage (D:7)
  2 orc warriors
  A phantom (D:7)
  2 ogres (D:7)
  2 centaurs (D:5)
  5 giant frogs (D:7)
  A wyvern zombie (D:8)
  5 wights (D:6)
  A howler monkey (D:4)
  4 crimson imps
  6 orc priests
  5 hounds
  A jelly (D:5)
  3 orc wizards (D:7)
  A giant frog skeleton (D:5)
  8 worker ants
  3 gnolls (D:7)
  11 adders
  2 river rats (Sewer)
  2 worms
  2 dart slugs
  5 giant geckos
  16 orcs
  4 bats
  5 giant cockroaches
  4 goblins
  10 hobgoblins
  14 jackals
  2 quokkas (D:5)
  6 ball pythons
  A giant cockroach zombie (D:6)
  14 giant newts
  A jackal zombie (D:5)
  2 kobolds (D:3)
  11 rats
168 creatures vanquished.

Vanquished Creatures (others)
  An orc (D:5)
1 creature vanquished.

Grand Total: 169 creatures vanquished

Notes
Turn   | Place    | Note
--------------------------------------------------------------
     0 | D:1      | Marenglen the Troll Arcane Marksman began the quest for the Orb.
     0 | D:1      | Reached XP level 1. HP: 18/18 MP: 1/1
   269 | D:1      | Reached XP level 2. HP: 22/26 MP: 2/2
   641 | D:1      | Found a sparkling altar of Nemelex Xobeh.
   934 | D:2      | Reached XP level 3. HP: 30/32 MP: 3/3
  1043 | D:2      | Found a bloodstained altar of Trog.
  1192 | D:2      | Found a shimmering altar of Xom.
  1395 | D:3      | Reached XP level 4. HP: 40/40 MP: 4/4
  1674 | D:3      | Learned a level 2 spell: Slow
  1797 | D:3      | Found an oddly glowing altar of Pakellas.
  2079 | D:3      | Found a white marble altar of Elyvilon.
  2442 | D:4      | Reached skill level 1 in Maces & Flails
  2442 | D:4      | Reached XP level 5. HP: 31/46 MP: 5/5
  2491 | D:4      | Noticed Menkaure
  2500 | D:4      | Killed Menkaure
  2500 | D:4      | Reached skill level 2 in Maces & Flails
  2500 | D:4      | Reached XP level 6. HP: 19/54 MP: 6/6
  2516 | D:4      | Noticed Hipnos's ghost (amateur GrEE)
  2602 | D:4      | Found a glowing drain.
  2733 | Sewer    | Entered a sewer
  3057 | Sewer    | Reached skill level 3 in Maces & Flails
  3183 | D:4      | Found a stormy altar of Qazlal.
  3218 | D:5      | Entered Level 5 of the Dungeon
  3260 | D:5      | Reached XP level 7. HP: 51/61 MP: 7/7
  3310 | D:5      | Found Gofin's Distillery.
  3324 | D:5      | Bought a potion of agility for 52 gold pieces
  3463 | D:5      | Found a white marble altar of Elyvilon.
  3526 | D:5      | Reached skill level 4 in Maces & Flails
  3707 | D:5      | Found a staircase to the Ecumenical Temple.
  3749 | Temple   | Entered the Ecumenical Temple
  3824 | D:5      | Reached skill level 5 in Throwing
  3918 | D:5      | Noticed Pikel
  3953 | D:5      | Killed Pikel
  3953 | D:5      | Reached skill level 5 in Maces & Flails
  3953 | D:5      | Reached XP level 8. HP: 68/68 MP: 8/8
  4121 | D:5      | Noticed an angel
  4122 | D:5      | Found a glowing silver altar of Zin.
  4299 | D:4      | Killed Hipnos's ghost
  4442 | D:4      | Found a sacrificial altar of Ru.
  4450 | D:4      | Became a worshipper of Ru the Awakened
  4827 | D:6      | Reached skill level 6 in Maces & Flails
  5656 | D:7      | Found a shadowy altar of Dithmenos.
  5722 | D:7      | Gained mutation: You are somewhat inexperienced (-2 XL). [Ru sacrifice]
  5722 | D:7      | Reached XP level 7. HP: 61/61 MP: 7/7
  5722 | D:7      | Reached XP level 6. HP: 54/54 MP: 6/6
  5722 | D:7      | Reached * piety under Ru
  5765 | D:7      | Reached XP level 7. HP: 52/61 MP: 7/7
  6010 | D:7      | Reached skill level 7 in Maces & Flails
  6187 | D:7      | Found a burning altar of Makhleb.
  6187 | D:7      | Found a sparkling altar of Nemelex Xobeh.
  6194 | D:7      | Reached XP level 8. HP: 59/67 MP: 8/8
  6914 | D:8      | Noticed a hill giant
  6989 | D:8      | Identified a scroll of acquirement
  7065 | D:8      | Reached skill level 5 in Dodging
  7110 | D:8      | Reached skill level 8 in Maces & Flails
  7246 | D:8      | Noticed Erica
  7384 | D:8      | Found a shadowy altar of Dithmenos.
  7392 | D:8      | Found a staircase to the Lair.
  7392 | D:8      | Noticed a troll
  7415 | D:7      | HP: 1/68 [troll (13)]
  7415 | D:7      | Slain by a troll

Skill      XL: |  1  2  3  4  5  6  7  8 |
---------------+-------------------------+-----
Hexes          | 3 |  3.5
Throwing       | 2 3 4 6 |  6.3
Maces & Flails | 1 2 3 7 8 |  8.4
Dodging        | 4 5 |  5.5
Fighting       | |  0.7
Spellcasting   | |  1.0

Action                   |  1- 3 |  4- 6 |  7- 9 || total
-------------------------+-------+-------+-------++-------
Melee: Unarmed           |    94 |    43 |       ||   137
       Mace              |       |   164 |   356 ||   520
       Flail             |       |    15 |       ||    15
 Fire: Blowgun           |       |       |     1 ||     1
Throw: Large rock        |     8 |     8 |    22 ||    38
       Throwing net      |       |     3 |     6 ||     9
 Cast: Slow              |       |       |    10 ||    10
       Corona            |       |       |     9 ||     9
Invok: Sacrifice Experie |       |     1 |       ||     1
  Use: Scroll            |     3 |     9 |    12 ||    24
       Potion            |       |     2 |    10 ||    12
 Stab: Sleeping          |     1 |     4 |     1 ||     6
       Held in net/web   |       |       |     3 ||     3
       Invisible         |       |       |     4 ||     4
  Eat: Chunk             |    17 |    21 |    39 ||    77
       Bread ration      |       |       |     1 ||     1
Armor: Skin              |    13 |    61 |    47 ||   121
Dodge: Dodged            |    63 |   171 |   231 ||   465
